AoeStats
← 只会打步弓

African Clearing

510298999Analyzed
4v4 RM · 2d ago on Sep 30, 2026· 47m 41s· 8 players
Game mode
Random Map
Map size
Large (8 player)
Population
200
Speed
Normal
Resources
Standard
Victory
Conquest
Starting age
Dark Age
Ending age
Imperial Age
RankedLock teamsTeams togetherTeam positionsShared explorationLock speedFull tech treeHidden civsTurbo modeCheats
Victory
Defeat
🇨🇳 Huns · China
1666
+11
🇨🇳 Magyars · China
1657
+11
🇨🇳 Mapuche · China
1646
+11
🇵🇱 Gurjaras · Poland
1590
+13
🇨🇳 Danes · China
1551
-12
🇨🇳 Spanish · China
1549
-12
🇨🇳 Magyars · China
1537
-11
🇨🇳 Persians · China
1525
-11
ForeveR
5:51 Loom
17:04 Feudal Age
18:10 Double-Bit Axe
23:29 Castle Age
21:24 Horse Collar
24:21 Bow Saw
24:09 Fletching
26:17 Wheelbarrow
35:35 Hand Cart
35:05 Town Watch
36:05 Heavy Plow
37:23 Gold Mining
37:23 Stone Mining
40:48 Gold Shaft Mining
40:48 Stone Shaft Mining
45:48 Imperial Age
44:40 Scale Barding Armor
44:45 Forging
46:02 Bloodlines
45:52 Husbandry
46:55 Chain Barding Armor
47:10 Iron Casting
47:17 Kshatriyas
47:33 Conscription
LUCKY
4:58 Loom
12:43 Feudal Age
13:39 Double-Bit Axe
17:55 Castle Age
16:51 Town Watch
16:57 Horse Collar
19:01 Bow Saw
26:40 Wheelbarrow
29:42 Stone Mining
32:04 Gold Mining
33:27 Hand Cart
36:45 Gold Shaft Mining
36:24 Heavy Plow
42:57 Imperial Age
40:54 Marauders
41:19 Bloodlines
41:10 Husbandry
40:30 Light Cavalry
42:54 Scale Barding Armor
43:00 Forging
43:08 Elite Tarkan
44:10 Conscription
44:13 Chain Barding Armor
46:08 Plate Barding Armor
47:10 Iron Casting
47:24 Coinage
只会打步弓
5:57 Loom
12:57 Feudal Age
17:45 Castle Age
16:10 Double-Bit Axe
17:02 Fletching
17:22 Gold Mining
19:53 Bodkin Arrow
25:34 Ballistics
26:03 Horse Collar
27:44 Padded Archer Armor
31:24 Wheelbarrow
31:19 Leather Archer Armor
32:31 Bow Saw
32:58 Town Watch
34:36 Hand Cart
38:03 Imperial Age
36:24 Gold Shaft Mining
35:50 Heavy Plow
38:31 Malon
38:56 Stone Mining
41:20 Chemistry
41:01 Elite Bolas Rider
41:55 Butalmapu
42:54 Conscription
43:14 Ring Archer Armor
44:19 Coinage
43:59 Town Patrol
45:49 Crop Rotation
45:34 Masonry
46:35 Stone Shaft Mining
46:50 Banking
小胖子
10:52 Feudal Age
12:02 Double-Bit Axe
12:44 Loom
13:06 Horse Collar
27:43 Castle Age
33:20 Bow Saw
34:12 Wheelbarrow
40:23 Imperial Age
39:07 Bloodlines
38:54 Gold Mining
39:54 Scale Barding Armor
40:12 Heavy Plow
40:30 Hand Cart
40:01 Town Watch
40:33 Gold Mining
40:28 Cavalier
42:11 Coinage
41:48 Paladin
43:56 Two-Man Saw
43:27 Crop Rotation
43:08 Husbandry
44:08 Banking
44:51 Gold Shaft Mining
44:09 Stone Mining
44:25 Town Patrol
45:32 Conscription
45:35 Chain Barding Armor
45:22 Fletching
45:32 Padded Archer Armor
46:22 Fletching
46:33 Padded Archer Armor
47:09 Plate Barding Armor
46:56 Ballistics
47:37 Chemistry
47:31 Bodkin Arrow
47:51 Leather Archer Armor
47:39 Recurve Bow
mmr
4:42 Loom
13:54 Feudal Age
18:15 Castle Age
17:45 Double-Bit Axe
24:19 Scale Mail Armor
28:23 Chain Mail Armor
30:30 Fletching
32:26 Thumb Ring
32:21 Bodkin Arrow
33:03 Padded Archer Armor
35:29 Ballistics
35:06 Gold Mining
35:59 Husbandry
37:42 Leather Archer Armor
41:33 Masonry
44:24 Wheelbarrow
45:57 Hand Cart
SOYO
11:43 Loom
13:28 Feudal Age
15:06 Double-Bit Axe
17:46 Castle Age
18:58 Padded Archer Armor
35:27 Wheelbarrow
36:40 Horse Collar
41:26 Hand Cart
41:44 Fletching
44:43 Imperial Age
43:11 Leather Archer Armor
42:52 Bodkin Arrow
42:56 Elite Skirmisher
44:55 Thumb Ring
45:32 Ballistics
45:30 Bracer
46:01 Ring Archer Armor
45:01 Cavalier
45:42 Husbandry
45:52 Bloodlines
46:31 Conscription
46:42 Scale Barding Armor
46:47 Forging
48:37 Chain Barding Armor
chunfeng
12:08 Feudal Age
11:26 Loom
13:36 Double-Bit Axe
14:40 Fletching
19:35 Horse Collar
31:15 Castle Age
30:12 Stone Mining
32:24 Heavy Plow
38:03 Wheelbarrow
37:24 Gold Mining
37:48 Bow Saw
40:13 Gold Shaft Mining
42:47 Bloodlines
42:39 Husbandry
42:44 Bodkin Arrow
42:50 Padded Archer Armor
44:09 Thumb Ring
44:28 Leather Archer Armor
44:37 Ballistics
45:14 Hand Cart
49:54 Imperial Age
wuy352
6:24 Loom
24:56 Feudal Age
28:23 Castle Age
30:49 Double-Bit Axe
30:45 Horse Collar
31:49 Bow Saw
33:07 Town Watch
34:38 Wheelbarrow
36:42 Hand Cart
43:22 Imperial Age
41:01 Gold Mining
41:12 Heavy Plow
42:02 Scale Barding Armor
42:08 Forging
42:52 Gold Shaft Mining
42:52 Bloodlines
42:43 Husbandry
43:04 Chain Barding Armor
43:27 Cavalier
45:10 Plate Barding Armor
46:00 Conscription
46:56 Iron Casting
46:16 Savar
Connection lost

Rejoining the realm…

Still unreachable

The connection could not be restored.

Session expired

The server has moved on; the page needs a fresh start.